Map: Apotheosis LE

Players

Star - Winner!

  • Race: Protoss Protoss
  • League: Gold

Bolt

  • Race: Protoss Protoss
  • League: Gold

VOD

Have the link to the VOD?

Description

Time

  • Played on: Aug. 27, 2016, 10:26 p.m.
  • Length: 12:21
Show
View Real Time Build Order
Export as new Build Order

Star Protoss - Winner!

Build Orders:  

Get SALT Encoding   

  12  0:01  Probe (Chrono Boost)  
  13  0:11  Probe (Chrono Boost)  
  14  0:20  Pylon  
  14  0:22  Probe (Chrono Boost)  
  15  0:38  Probe (Chrono Boost), Gateway  
  16  0:49  Probe (Chrono Boost)  
  17  0:50  Assimilator  
  17  0:59  Probe (Chrono Boost)  
  18  1:05  Gateway  
  18  1:10  Probe (Chrono Boost)  
  19  1:18  Assimilator  
  19  1:20  Probe (Chrono Boost)  
  20  1:31  Probe (Chrono Boost)  
  21  1:37  Cybernetics Core  
  21  1:41  Probe (Chrono Boost)  
  22  1:52  Probe (Chrono Boost)  
  23  2:08  Pylon  
  23  2:14  Warp Gate  
  23  2:26  Adept x2  
  23  2:27  Mothership Core (Chrono Boost)  
  23  2:28  Pylon  
  29  2:47  Nexus  
  29  2:57  Sentry x2  
  33  3:02  Probe (Chrono Boost)  
  34  3:08  Pylon  
  34  3:14  Robotics Facility  
  34  3:21  Pylon  
  34  3:24  Probe (Chrono Boost)  
  35  3:35  Probe (Chrono Boost)  
  35  3:37  Gateway  
  32  4:10  Probe (Chrono Boost), Observer  
  32  4:11  Probe (Chrono Boost)  
  35  4:18  Gateway  
  35  4:22  Twilight Council  
  35  4:28  Stalker x2  
  41  4:31  Probe x2 (Chrono Boost)  
  41  4:36  Immortal  
  45  4:42  Probe x2 (Chrono Boost)  
  47  4:50  Pylon  
  47  4:51  Stalker  
  49  4:56  Probe (Chrono Boost)  
  49  4:57  Probe (Chrono Boost)  
  51  5:09  Probe x2 (Chrono Boost)  
  53  5:16  Dark Shrine  
  53  5:18  Gateway  
  53  5:24  Probe x2 (Chrono Boost)  
  53  5:26  Assimilator  
  55  5:28  Pylon  
  55  5:31  Zealot x2  
  59  5:38  Immortal  
  59  5:40  Probe (Chrono Boost)  
  59  5:42  Probe (Chrono Boost)  
  65  5:51  Stalker  
  68  5:57  Probe x2 (Chrono Boost)  
  69  6:05  Assimilator  
  69  6:07  Probe (Chrono Boost)  
  69  6:08  Probe (Chrono Boost), Pylon  
  69  6:09  Stalker x2  
  75  6:19  Warp Prism  
  77  6:29  Dark Templar  
  79  6:36  Zealot x2  
  79  6:37  Zealot  
  79  6:38  Zealot  
  87  6:50  Gateway  
  87  6:51  Gateway  
  87  7:15  Dark Templar  
  89  7:28  Probe x2 (Chrono Boost)  
  91  7:36  Pylon  
  91  7:38  Pylon  
  91  7:40  Pylon  
  91  7:42  Gateway  
  91  7:43  Gateway  
  91  7:45  Gateway  
  91  7:46  Gateway  
  91  7:49  Pylon  
  91  7:51  Stalker  
  93  7:54  Immortal  
  97  8:01  Robotics Facility  
  97  8:09  Dark Templar x2  
  99  8:28  Dark Templar  
  99  8:29  Zealot x2  
  99  8:33  Observer  
  106  8:45  Forge x2  
  106  8:48  Templar Archives  
  106  8:49  Pylon  
  106  8:51  Pylon  
  106  9:02  Stalker x4  
  112  9:22  Immortal, Observer  
  117  9:29  Zealot x5  
  127  9:33  Protoss Ground Weapons Level 1  
  127  9:36  Nexus  
  127  9:38  Pylon  
  125  9:41  Pylon  
  125  9:51  Zealot x4  
  125  9:52  Zealot  
  127  10:23  Stalker x3  
  127  10:24  Stalker  
  127  10:25  Stalker  
  127  10:28  Immortal  
  141  10:30  Observer  
  142  10:37  Sentry x2  
  146  10:47  Pylon  
  146  10:49  Pylon  
  144  11:09  Pylon  
  143  11:23  High Templar x2  
  147  11:26  Observer  
  147  11:29  Archon  
  148  11:49  Probe x2 (Chrono Boost)  
  148  11:53  Zealot x3  
  148  11:54  Zealot x6  
  168  12:18  Stalker  
Show
View Real Time Build Order
Export as new Build Order

Bolt Protoss 

Build Orders:  

Get SALT Encoding   

  12  0:01  Probe (Chrono Boost)  
  13  0:12  Probe (Chrono Boost)  
  14  0:18  Pylon  
  14  0:23  Probe (Chrono Boost)  
  15  0:36  Probe (Chrono Boost)  
  15  0:39  Gateway  
  16  0:46  Assimilator  
  16  0:48  Probe (Chrono Boost)  
  17  0:57  Assimilator  
  17  0:59  Probe (Chrono Boost)  
  18  1:09  Probe (Chrono Boost)  
  19  1:18  Gateway  
  19  1:20  Probe (Chrono Boost)  
  20  1:30  Probe (Chrono Boost)  
  21  1:35  Cybernetics Core  
  21  1:41  Probe (Chrono Boost)  
  22  1:51  Pylon  
  22  1:59  Probe (Chrono Boost)  
  23  2:12  Warp Gate  
  23  2:14  Mothership Core (Chrono Boost), Stalker  
  27  2:16  Stalker  
  29  2:44  Nexus  
  29  2:53  Probe (Chrono Boost)  
  30  3:00  Pylon  
  30  3:08  Robotics Facility  
  30  3:13  Probe (Chrono Boost)  
  31  3:24  Probe (Chrono Boost)  
  32  3:36  Gateway  
  32  3:38  Gateway  
  32  3:40  Probe (Chrono Boost)  
  33  3:51  Pylon  
  31  4:08  Probe x2 (Chrono Boost)  
  33  4:18  Probe (Chrono Boost)  
  33  4:20  Twilight Council  
  34  4:24  Stalker x2  
  34  4:29  Probe x2 (Chrono Boost)  
  40  4:33  Warp Prism  
  42  4:42  Probe x2 (Chrono Boost)  
  44  4:52  Probe (Chrono Boost), Stalker x2  
  49  4:55  Probe (Chrono Boost)  
  50  5:01  Blink  
  50  5:05  Probe (Chrono Boost)  
  51  5:08  Probe (Chrono Boost)  
  52  5:17  Probe (Chrono Boost)  
  53  5:21  Pylon  
  53  5:26  Probe (Chrono Boost), Pylon  
  54  5:37  Forge  
  54  5:38  Probe (Chrono Boost)  
  54  5:39  Probe (Chrono Boost), Forge  
  56  5:48  Probe (Chrono Boost)  
  57  5:53  Probe (Chrono Boost)  
  57  5:55  Assimilator  
  58  5:58  Assimilator  
  58  6:01  Gateway  
  58  6:02  Immortal, Gateway  
  58  6:03  Probe (Chrono Boost)  
  65  6:18  Probe x2 (Chrono Boost)  
  65  6:26  Stalker x3  
  65  6:27  Pylon  
  65  6:30  Probe (Chrono Boost)  
  65  6:31  Pylon  
  72  6:38  Probe (Chrono Boost)  
  72  6:48  Probe (Chrono Boost)  
  72  6:57  Probe (Chrono Boost)  
  72  7:00  Probe (Chrono Boost)  
  74  7:12  Probe (Chrono Boost)  
  74  7:14  Probe (Chrono Boost), Stargate  
  74  7:15  Stargate  
  76  7:20  Stalker x6  
  88  7:23  Probe (Chrono Boost)  
  89  7:35  Probe (Chrono Boost), Resonating Glaives  
  90  7:38  Nexus  
  90  7:43  Observer  
  88  7:44  Pylon  
  88  7:47  Pylon  
  74  8:17  Adept x2  
  74  8:36  Adept  
  76  9:18  Adept  
  76  9:19  Adept x3  
  84  9:26  Pylon  
  84  9:43  Assimilator  
  85  9:45  Probe (Chrono Boost)  
  85  9:46  Assimilator  
  85  9:49  Photon Cannon  
  85  9:51  Photon Cannon  
  84  9:58  Adept x4  
  90  10:21  Observer  
  91  10:39  Observer  
  88  10:54  Stalker x4  
  96  11:07  Pylon  
  96  11:09  Pylon  
  96  11:23  Probe (Chrono Boost)  
  96  11:24  Probe (Chrono Boost)  
  96  11:32  Photon Cannon  
  96  11:37  Photon Cannon  
  96  11:38  Probe x2 (Chrono Boost)  
  96  11:39  Probe (Chrono Boost)  
  99  11:40  Stalker x5  
  109  11:51  Probe x2 (Chrono Boost)  
  109  11:53  Probe (Chrono Boost)  
  112  12:02  Probe x2 (Chrono Boost)  
  114  12:12  Photon Cannon  
  114  12:14  Photon Cannon  
  114  12:16  Photon Cannon  
  114  12:19  Photon Cannon  
Tags
 
League
GoldGold
Matchup
PvP
Replay Pack
choboweek2
Add a new tag
Caveats
  • Supply blocks, unpowered buildings, or Contaminate may cause inaccurate times.
  • Supply counts are checked every 10 seconds.